 Dungeon Crawl Stone Soup version 0.29.1-13-g9f3cf754e1 (webtiles) character file.

Game seed: 7512057963990270187

51 McKennaii the Trooper (level 3, -4/31 HPs)
             Began as a Demigod Fighter on Feb 5, 2023.
             Killed from afar by an orc wizard (9 damage)
             ... with a magic dart
             ... on level 3 of the Dungeon.
             The game lasted 00:01:09 (2071 turns).

McKennaii the Trooper (Demigod Fighter)             Turns: 2071, Time: 00:01:09

Health: -4/31      AC:  8    Str: 21    XL:     3   Next: 38%
Magic:  5/5        EV:  9    Int: 10    God:
Gold:   147        SH:  4    Dex: 13    Spells: 2/2 levels left

rFire   . . .      SeeInvis .   a - +0 long sword
rCold   . . .      Faith    .   c - +0 buckler
rNeg    . . .      Spirit   .   b - +0 scale mail
rPois   .          Reflect  .   (no helmet)
rElec   .          Harm     .   (no cloak)
rCorr   .          Rampage  .   r - +0 pair of gloves
Will    .....                   (no boots)
Stlth   ..........              (no amulet)
HPRegen 0.10/turn               (no ring)
MPRegen 0.09/turn               (no ring)

@: no status effects
A: high MP 1, forlorn, divine attributes
a: no special abilities


You were on level 3 of the Dungeon.
You visited 1 branch of the dungeon, and saw 3 of its levels.

You collected 147 gold pieces.

Inventory:

Hand Weapons
 a - a +0 long sword (weapon)
Armour
 b - a +0 scale mail (worn)
 c - a +0 buckler (worn)
 r - a +0 pair of gloves (worn)
Jewellery
 p - a ring of ice
Wands
 k - a wand of paralysis (10)
Scrolls
 g - a scroll of enchant armour {unknown}
 h - 3 scrolls of identify {unknown}
 i - 2 scrolls of vulnerability {unknown}
 j - 2 scrolls of fog {unknown}
 l - a scroll of blinking {unknown}
 n - a scroll of torment {unknown}
 s - a scroll of silence {unknown}
Potions
 d - a potion of might
 e - a potion of invisibility {unknown}
 f - a potion of degeneration {unknown}
 m - a potion of haste {unknown}
 o - a potion of curing {unknown}
 q - a potion of magic {unknown}


   Skills:
 + Level 3.3 Fighting
 + Level 2.5 Long Blades
 + Level 3.2 Armour
 - Level 2.6 Shields


You had 2 spell levels left.
You didn't know any spells.
Your spell library was empty.

Dungeon Overview and Level Annotations

Branches:
Dungeon (3/15)


Innate Abilities, Weirdness & Mutations

You have an increased reservoir of magic. (+10% MP)
You shall have no god before yourself.
Your divine heritage dramatically boosts your attributes as you level up.


Message History

There is a stone staircase leading down here.
You climb downwards.
There is a stone staircase leading up here.
A kobold comes into view. It is wielding a +0 club.
Found a murky purple potion.
The kobold shouts!
Found a scroll labelled ZIT FOANOJOMIL.
An orc wizard comes into view.
It is wielding a +1 dagger of electrocution.
The orc wizard shouts!
You hear a shout! x2
An orc comes into view. It is wielding a +0 flail.
The orc shouts!
The orc wizard casts a spell.
The orc wizard flickers and vanishes!
Deactivating autopickup; reactivate with Ctrl-A.
An orc comes into view. It is wielding a +0 club.
The kobold completely misses you. The kobold attacks as you move away!
The kobold hits you but does no damage. The kobold attacks as you move away!
The kobold hits you with a +0 club. The kobold attacks as you move away!
The kobold barely misses you. The kobold attacks as you move away!
The kobold hits you with a +0 club. The kobold attacks as you move away!
The kobold hits you but does no damage.
You closely miss the kobold. The kobold hits you but does no damage.
You closely miss the kobold. The kobold hits you with a +0 club.
You barely miss the kobold. The kobold hits you but does no damage.
You miss the kobold. The kobold hits you but does no damage.
The kobold hits you with a +0 club.
You hit the kobold.
You kill the kobold!
You miss something. Something hits you.
You miss something.
Something hits you but does no damage. x2
You are electrocuted!
* * * LOW HITPOINT WARNING * * *
You barely miss something. Something hits you.
* * * LOW HITPOINT WARNING * * *
You slash something!
Something hits you but does no damage. x2
You hit something.
An orc wizard appears from thin air!
Reactivating autopickup.
The orc wizard points at you and mumbles some strange words.
The magic dart hits you!
You die...

≈≈# ≈≈≈ ≈≈ #####≈ #....#
#....#
#....#################...
#.......@oo..............
#....#############....!?.
##....# ..#####. ##.....#
#### ##..######.
#..###..... ##.#....#
#..<.#### ######


You could see an orc wizard and an orc.

Vanquished Creatures
  An adder (D:2)
  3 worms (D:2)
  A dart slug (D:1)
  5 ball pythons
  5 endoplasms
  5 goblins
  2 quokkas (D:1)
  A frilled lizard (D:2)
  6 kobolds
  2 rats
31 creatures vanquished.

Notes
Turn   | Place    | Note
-------+----------+-------------------------------------------
     0 | D:1      | McKennaii the Demigod Fighter began the quest for the Orb.
     0 | D:1      | Reached XP level 1. HP: 18/18 MP: 3/3
   416 | D:1      | Reached XP level 2. HP: 21/25 MP: 4/4
   844 | D:2      | Reached XP level 3. HP: 26/31 MP: 5/5
  2071 | D:3      | Killed from afar by an orc wizard

Illustrated notes

Levels and vault maps discovered:
D:1:      dpeg_arrival_arbitrary_b, layout_basic
D:2:      layout_basic
D:3:      layout_rooms, mainiacjoe_overflow_six_doors_small,
          nicolae_ecumenical_lake_church, bh_walls_and_bars

Skill      XL: |  1  2 |
---------------+-------+-----
Long Blades    | 2 |  2.5
Fighting       | 3 |  3.3
Armour         | 3 |  3.2
Shields        | |  2.6

Action                   || total
-------------------------++-------
Melee: Long sword        ||   100
Armor: Scale mail        ||    40
Dodge: Dodged            ||    31
Block: Buckler           ||    19
